 Dungeon Crawl Stone Soup version 0.30.1-9-gdf580d7c3d (webtiles) character file.

Game seed: 14988537978428132056

8 Hasleak the Caller (level 2, -3/15 HPs)
             Began as a Deep Elf Summoner on Oct 1, 2023.
             Slain by a gnoll
             ... wielding a +0 flail
              (7 damage)
             ... on level 1 of the Dungeon.
             The game lasted 00:00:32 (106 turns).

Hasleak the Caller (Deep Elf Summoner)               Turns: 106, Time: 00:00:33

Health: -3/15      AC:  2    Str:  5    XL:     2   Next: 0%
Magic:  4/8        EV: 12    Int: 19    God:
Gold:   0          SH:  0    Dex: 15    Spells: 6/7 levels left

rFire   . . .        d - +0 dagger
rCold   . . .        (no shield)
rNeg    . . .        a - +0 robe
rPois   .            (no helmet)
rElec   .            (no cloak)
rCorr   .            (no gloves)
SInv    .            (no boots)
Will    .....        (no amulet)
Stlth   ++           (no ring)
HPRegen 0.22/turn    (no ring)
MPRegen 0.11/turn

%: no passive effects
@: no status effects
A: no striking features
a: no special abilities


You were on level 1 of the Dungeon.
You visited 1 branch of the dungeon, and saw 1 of its levels.

Inventory:

Hand Weapons
 d - a +0 dagger (weapon)
Armour
 a - a +0 robe (worn)
Jewellery
 c - a ring of poison resistance
Potions
 b - a potion of magic


   Skills:
 + Level 2.6 Dodging
 - Level 2.4 Stealth
 * Level 3.4 Spellcasting
 * Level 4.6 Summonings


You had 6 spell levels left.
You knew the following spells:

 Your Spells              Type           Power      Damage    Failure   Level
a - Summon Small Mammal   Summ           80%        N/A       2%          1

Your spell library contained the following spells:

 Spells                   Type           Power      Damage    Failure   Level
 Call Imp                 Summ           40%        N/A       3%          2
 Call Canine Familiar     Summ           20%        N/A       7%          3
 Summon Guardian Golem    Hex/Summ       11%        N/A       17%         3
 Summon Lightning Spire   Summ/Air       11%        N/A       50%         4


Dungeon Overview and Level Annotations

Branches:
Dungeon (1/15)

Altars:


Message History

You catch the helpless quokka completely off-guard!
You puncture the quokka!
You kill the quokka!
Your bat barely misses the kobold.
Your bat hits the gnoll but does no damage.
Your bat misses the kobold.
The gnoll hits your bat with a +0 flail!
Your bat dies!
Your bat's corpse disappears in a puff of smoke!
The gnoll shouts!
You closely miss the kobold. The kobold hits you with a +0 dagger.
The gnoll barely misses your bat.
Your bat closely misses the kobold.
You hit the kobold.
The kobold is severely wounded.
Your bat completely misses the kobold.
The kobold hits you but does no damage.
You hit the kobold.
You kill the kobold!
Your bat hits the gnoll but does no damage.
You have reached level 2!
Casting: Summon Small Mammal (safe; 2% risk of failure)
Confirm with . or Enter, or press ? or * to list all spells.
Your bat barely misses the frilled lizard.
The gnoll misses you. The gnoll attacks as you move away!
The gnoll hits you with a +0 flail!
* * * LOW HITPOINT WARNING * * *
Your bat closely misses the frilled lizard.
Your quokka bites the gnoll.
Your bat closely misses the frilled lizard.
Your quokka barely misses the gnoll.
Your bat barely misses the frilled lizard.
Your bat closely misses the frilled lizard.
Your bat barely misses the frilled lizard.
Your quokka bites the gnoll.
Your bat misses the frilled lizard.
Your quokka barely misses the frilled lizard.
Your quokka misses the frilled lizard.
Casting: Summon Small Mammal (safe; 2% risk of failure)
Confirm with . or Enter, or press ? or * to list all spells.
The gnoll hits you with a +0 flail!
You die...

### #.. #.# #.# #.#
###### #.# .....# #.#
.....################.#
..............r.@g.†..#
.....##############lr.#
.....# ##..#
.....###### ##r#######+
........... #b........
........... #..##..##.
...........
#######)##.##
###'#######
#.........?#
..r........
+.....b...+>#


You could see a gnoll (ally target), a frilled lizard, a friendly quokka
(summoned) and a friendly rat (summoned).

Vanquished Creatures
  A giant cockroach (D:1)
  A goblin (D:1)
  A kobold (D:1)
  A quokka (D:1)
4 creatures vanquished.

Vanquished Creatures (collateral kills)
  An endoplasm (D:1)
  A hobgoblin (D:1)
2 creatures vanquished.

Grand Total: 6 creatures vanquished

Notes
Turn   | Place    | Note
-------+----------+-------------------------------------------
     0 | D:1      | Hasleak the Deep Elf Summoner began the quest for the Orb.
     0 | D:1      | Reached XP level 1. HP: 10/10 MP: 6/6
    98 | D:1      | Reached XP level 2. HP: 9/15 MP: 5/8
   106 | D:1      | Slain by a gnoll

Illustrated notes

Levels and vault maps discovered:
D:1:      amcnicky_arrival_underground_garden, layout_basic,
          minmay_tree_intersection, minivault_25, minmay_gold_behind_fungi

Action                     || total
---------------------------++-------
  Melee: Dagger            ||    16
   Cast: Summon Small Mamm ||     7
   Stab: Distracted        ||     1
 Armour: Robe              ||     3
  Dodge: Dodged            ||    13
